 Dungeon Crawl Stone Soup version 0.29-a0-582-ge82337ba6a (webtiles) character file.

Game seed: 10355453310075208871

9198 zishaf the Thaumaturge (level 11, -2/79 HPs)
             Began as a Djinni Venom Mage on June 14, 2022.
             Was a Follower of Makhleb.
             Slain by an orc warlord
             ... wielding a +3 great mace of venom
              (33 damage)
             ... in a bailey.
             The game lasted 00:25:58 (11179 turns).

zishaf the Thaumaturge (Djinni Venom Mage)         Turns: 11179, Time: 00:25:59

Health: -2/79      AC: 10    Str:  7    XL:     11   Next: 69%
Gold:   464        EV: 10    Int: 21    God:    Makhleb [*.....] SH: 14 Dex: 14

rFire   + + .      SeeInvis .   p - +1 hand axe (elec)
rCold   x . .      Faith    .   E - +0 kite shield
rNeg    . . .      Spirit   .   J - +3 leather armour
rPois   ∞          Reflect  +   x - +0 helmet
rElec   .          Harm     .   g - +0 cloak
rCorr   .          Rampage  .   l - +1 pair of gloves
Will    +....                   (boots unavailable)
Stlth   ++........              r - amulet of reflection
HPRegen 0.23/turn               q - ring of wizardry
MPRegen 0.00/turn               z - ring of wizardry

@: flying
A: sickness immunity, fire resistance 2, cold vulnerability 1, float, innate
caster, HP casting, extra vitality 1
a: Renounce Religion


You were in a bailey.
You worshipped Makhleb.
Makhleb was aware of your devotion.
You visited 2 branches of the dungeon, and saw 9 of its levels.
You also visited: Bailey.

You collected 464 gold pieces.

Inventory:

Hand Weapons
 d - a +0 dagger
 p - a +1 hand axe of electrocution (weapon)
 H - a +0 broad axe
Missiles
 h - 188 stones
Armour
 a - a +0 robe
 b - a scarf of repulsion
 g - a +0 cloak (worn)
 l - a +1 pair of gloves (worn)
 t - +0 steam dragon scales
 x - a +0 helmet (worn)
 E - a +0 kite shield (worn)
 J - a +3 leather armour (worn)
Jewellery
 q - a ring of wizardry (left hand)
 r - an amulet of reflection (around neck)
 z - a ring of wizardry (right hand)
Wands
 s - a wand of flame (14)
 u - a wand of paralysis (5)
 w - a wand of charming (9)
 B - a wand of mindburst (8)
Scrolls
 c - 3 scrolls of fog
 k - 3 scrolls of teleportation
 y - a scroll of fear
 C - a scroll of identify
 D - 2 scrolls of magic mapping {unknown}
 F - a scroll of enchant weapon {unknown}
 G - a scroll of acquirement {unknown}
Potions
 e - 3 potions of mutation
 f - 4 potions of attraction
 i - a potion of invisibility {unknown}
 j - 2 potions of curing
 m - a potion of flight {unknown}
 n - 2 potions of resistance {unknown}
 o - 2 potions of might
 v - 2 potions of brilliance
 A - 2 potions of cancellation {unknown}
 I - a potion of heal wounds


   Skills:
 + Level 7.4 Fighting
 - Level 4.0 Axes
 - Level 2.1 Dodging
 - Level 1.5 Stealth
 + Level 3.3 Shields
 * Level 11.5 Spellcasting
 + Level 3.5 Invocations


You had 9 spell levels left.
You knew the following spells:

 Your Spells              Type           Power      Damage    Failure   Level
a - Sting                 Tmut/Pois      100%       1d8       1%          1
b - Poisonous Vapours     Pois/Air       100%       N/A       1%          2
c - Sandblast             Erth           100%       2d20      1%          1
d - Searing Ray           Conj           100%       2d8       1%          2
e - Teleport Other        Tloc           57%        N/A       1%          3
f - Corpse Rot            Necr/Pois/Air  57%        N/A       1%          4
g - Fulminant Prism       Conj/Hex       28%        3d14      1%          4
z - Mephitic Cloud        Conj/Pois/Air  57%        N/A       1%          3
A - Olgreb's Toxic Radia  Pois           57%        N/A       1%          4
Your spell library was empty.

Dungeon Overview and Level Annotations

Branches:
Dungeon (8/15)             Temple (1/1) D:7          Bailey (1/1)
   Lair: D:8-11

Altars:
Dithmenos
Elyvilon
Fedhas
Gozag
Kikubaaqudgha
Makhleb
Ru
Sif Muna
Trog
Vehumet
Xom
Yredelemnul

Shops:
D:2 [

Annotations:
D:3 2 transporters, Falter's ghost, amateur GrEE
D:7 3 runed translucent doors, chrisa4242's ghost, novice GrMo


Innate Abilities, Weirdness & Mutations

You are immune to sickness and miasma.
You are immune to poison.
Your flesh is very heat resistant. (rF++)
You are vulnerable to cold. (rC-)
You float through the air rather than walking.
You learn spells naturally, not from books.
Your magical power is your life essence.
You have superior vitality. (+4 MHP)


Message History

There is an open gate here.
Things that are here:
a +0 hand axe; a +0 leather armour The orc warlord is engulfed in noxious fumes.
Things that are here:
a +0 war axe; a +0 ring mail
Casting: Mephitic Cloud (safe; 1% risk of failure)
Confirm with . or Enter, or press ? or * to list all spells.
Aiming: Mephitic Cloud (safe; 1% risk of failure)
Press: ? - help, Shift-Dir - straight line, f - orc warlord
Aim: an orc warlord, wielding a +3 great mace of venom and wearing a +0 chain mail (heavily wounded, very poisoned, chance to affect: 29%)
The ball explodes into a vile cloud!
The stinking cloud engulfs the orc warlord but does no damage.
The orc warlord is heavily wounded.
The stinking cloud engulfs you but does no damage.
The orc warlord is engulfed in noxious fumes.
The orc warlord completely misses you.
The gnoll barely misses the orc warlord.
The orc warlord is engulfed in noxious fumes.
The orc warlord is engulfed in noxious fumes.
The orc warlord barely misses you.
The orc warlord is engulfed in noxious fumes.
The gnoll is engulfed in noxious fumes.
The gnoll barely misses the orc warlord.
The orc warlord is engulfed in noxious fumes.
The orc warlord completely misses you.
The gnoll is engulfed in noxious fumes.
The gnoll appears confused.
The orc warlord is engulfed in noxious fumes.
Casting: Mephitic Cloud (safe; 1% risk of failure)
Confirm with . or Enter, or press ? or * to list all spells.
Aiming: Mephitic Cloud (safe; 1% risk of failure)
Press: ? - help, Shift-Dir - straight line, f/p - orc warlord
Aim: an orc warlord, wielding a +3 great mace of venom and wearing a +0 chain mail (heavily wounded, very poisoned, chance to affect: 29%)
The ball explodes into a vile cloud!
The stinking cloud engulfs the orc warlord but does no damage.
The orc warlord is heavily wounded.
The stinking cloud engulfs you but does no damage.
The orc warlord is engulfed in noxious fumes.
The orc warlord hits you with a +3 great mace of venom!!
You die...

.......# .⌠.....#
.[).)..# )......#
..))).### ♣♣♣♣♣♣
....#'#.### ♣♣♣..♣.♣
#.###.....###♣.♣....♣♣
###.........##○☼.....♣♣
#..)..))....#○o@)....♣
#.........).g○§§.....♣
#.)...⌠.....)..∩.∩..♣♣
#...).....°.'.......♣
#.)...))))..#.......♣
###....).)..##......♣♣
#.###.....###♣♣.....♣
....#'#.### ♣♣.♣..♣
......### ♣♣♣♣♣♣


You could see an orc warlord (poisoned) and a gnoll (confused).

Vanquished Creatures
  An orc knight (Bailey)
  4 yaks (D:8)
  3 steam dragons (D:7)
  A sky beast (D:7)
  4 black bears
  9 orc warriors (Bailey)
  3 ogres
  4 phantoms
  Blork the orc (D:5)
  2 necrophages
  3 bullfrogs
  3 scorpions
  6 killer bees (D:8)
  2 hounds
  3 jellies
  2 orc priests (D:7)
  4 iguanas
  Ijyb (D:3)
  4 orc wizards
  Robin (D:3)
  7 gnolls (Bailey)
  5 adders
  2 shadow imps
  2 worms
  4 dart slugs
  32 orcs
  7 ball pythons
  9 endoplasms
  6 giant cockroaches
  27 goblins
  22 hobgoblins
  10 jackals
  6 quokkas
  6 bats
  2 frilled lizards
  6 kobolds
  5 rats
219 creatures vanquished.

Vanquished Creatures (others)
  A fulminant prism (Bailey)
1 creature vanquished.

Grand Total: 220 creatures vanquished

Notes
Turn   | Place    | Note
-------+----------+-------------------------------------------
     0 | D:1      | zishaf the Djinni Venom Mage began the quest for the Orb.
     0 | D:1      | Reached XP level 1. HP: 15/15 MP: 0/0
   149 | D:1      | Reached XP level 2. HP: 6/22 MP: 0/0
   426 | D:1      | Reached skill level 1 in Fighting
   810 | D:1      | Reached XP level 3. HP: 23/27 MP: 0/0
   810 | D:1      | Learned a level 1 spell: Sandblast
   811 | D:1      | Reached skill level 3 in Spellcasting
  2215 | D:2      | Reached XP level 4. HP: 31/32 MP: 0/0
  2598 | D:2      | Found Xuemoj's Armour Shoppe.
  2689 | D:2      | Found a faded altar of an unknown god.
  3458 | D:3      | Reached XP level 5. HP: 37/38 MP: 0/0
  3458 | D:3      | Learned a level 2 spell: Searing Ray
  3660 | D:3      | Found a transporter.
  3662 | D:3      | Noticed Falter's ghost (amateur GrEE)
  3663 | D:3      | Found a transporter.
  3957 | D:3      | Reached skill level 4 in Spellcasting
  4070 | D:3      | Noticed Ijyb
  4096 | D:3      | Killed Ijyb
  4442 | D:4      | Noticed Robin
  4499 | D:3      | Reached XP level 6. HP: 13/45 MP: 0/0
  4501 | D:3      | Killed Robin
  5434 | D:4      | Noticed an ogre
  5452 | D:4      | Killed an ogre
  5453 | D:4      | Reached skill level 1 in Axes
  5854 | D:4      | Found a shimmering altar of Xom.
  5929 | D:5      | Entered Level 5 of the Dungeon
  5934 | D:5      | Reached XP level 7. HP: 47/50 MP: 0/0
  5934 | D:5      | Learned a level 3 spell: Teleport Other
  6275 | D:5      | Reached skill level 5 in Spellcasting
  6436 | D:5      | Found a sacrificial altar of Ru.
  6707 | D:5      | Reached XP level 8. HP: 28/58 MP: 0/0
  6904 | D:5      | Noticed Blork the orc
  6914 | D:5      | Killed Blork the orc
  7319 | D:6      | You are sucked into a shaft and drop 1 floor!
  7336 | D:7      | Reached skill level 6 in Spellcasting
  7346 | D:7      | Reached skill level 5 in Fighting
  7697 | D:7      | Reached XP level 9. HP: 64/65 MP: 0/0
  7697 | D:7      | Learned a level 4 spell: Corpse Rot
  7821 | D:6      | Found a basalt altar of Yredelemnul.
  7827 | D:6      | Found a blossoming altar of Fedhas.
  8025 | D:6      | Reached skill level 7 in Spellcasting
  8580 | D:7      | Found a runed translucent gate.
  8581 | D:7      | Found a runed translucent gate.
  8581 | D:7      | Found a runed translucent gate.
  8923 | D:7      | Found a staircase to the Ecumenical Temple.
  8978 | D:7      | Noticed chrisa4242's ghost (novice GrMo)
  9107 | Temple   | Entered the Ecumenical Temple
  9124 | Temple   | Became a worshipper of Makhleb the Destroyer
  9608 | D:8      | Reached skill level 1 in Invocations
  9612 | D:8      | Reached skill level 1 in Shields
  9612 | D:8      | Reached XP level 10. HP: 71/73 MP: 0/0
  9631 | D:8      | Reached skill level 8 in Spellcasting
  9743 | D:8      | Found a flagged portal.
  9754 | Bailey   | Entered a bailey
 10047 | Bailey   | Noticed an orc knight
 10064 | Bailey   | Reached * piety under Makhleb
 10081 | Bailey   | Killed an orc knight
 10712 | Bailey   | Reached skill level 11 in Spellcasting
 10712 | Bailey   | Reached XP level 11. HP: 29/79 MP: 0/0
 10712 | Bailey   | Learned a level 4 spell: Fulminant Prism
 11134 | Bailey   | Noticed an orc warlord
 11179 | Bailey   | Slain by an orc warlord

Illustrated notes

Levels and vault maps discovered:
D:1:      heliophobic_arrival_glass_houses, layout_basic, chequers_jeans
D:2:      layout_loops_ring, shapermc_ecumenical_altar_totnotflames,
          serial_shops, nicolae_shop_behind_doors, nrook_mini_backslash
D:3:      layout_loops_corners, gammafunk_ghost_mausoleum, minmay_crystal_room,
          uniq_ijyb
D:4:      minmay_wonky_spiral, layout_basic, kennysheep_mini, uniq_robin,
          uniq_natasha
D:5:      layout_loops_ring, nicolae_ru_path_of_blood, uniq_blork_the_orc
D:6:      layout_rooms, nicolae_sif_muna_little_library,
          mainiacjoe_overflow_catwalk_spiral
D:7:      layout_cave_pools, minmay_temple_entry_poolview, gammafunk_ghost_icy,
          minmay_puff
D:8:      layout_basic, enter_bailey_3, kennysheep_opposing_triangles,
          uniq_psyche
Temple:   compressed_dpeg_circular_temple
Bailey:   bailey_axe_minmay_hex_keep, bailey

Skill      XL: |  1  2  3  4  5  6  7  8  9 10 |
---------------+-------------------------------+-----
Fighting       | 1 2 3 4 5 6 7 |  7.4
Spellcasting   | 3 4 5 6 7 11 | 11.5
Axes           | 1 2 3 4 |  4.0
Invocations    | 1 3 |  3.5
Shields        | 1 3 |  3.3
Dodging        | |  2.1
Stealth        | |  1.5

Action                   |  1- 3 |  4- 6 |  7- 9 | 10-12 || total
-------------------------+-------+-------+-------+-------++-------
Melee: Dagger            |     1 |       |       |       ||     1
       Unarmed           |     1 |       |       |       ||     1
       Hand axe          |       |    38 |    81 |    53 ||   172
       Punch             |       |       |     2 |       ||     2
 Cast: Sting             |    60 |     3 |       |     7 ||    70
       Poisonous Vapours |     9 |    18 |    25 |    41 ||    93
       Sandblast         |     8 |    65 |    53 |     1 ||   127
       Mephitic Cloud    |     1 |     8 |    10 |    18 ||    37
       Olgreb's Toxic Ra |       |     5 |     5 |    10 ||    20
       Teleport Other    |       |       |     2 |     1 ||     3
       Corpse Rot        |       |       |       |     5 ||     5
       Fulminant Prism   |       |       |       |     1 ||     1
Evoke: Wand              |       |     1 |       |       ||     1
  Use: Scroll            |       |       |    14 |       ||    14
       Potion            |       |       |       |     1 ||     1
 Stab: Confused          |       |     1 |     2 |     3 ||     6
Armor: Robe              |     7 |    13 |    20 |       ||    40
       Steam dragon scal |       |       |    20 |     9 ||    29
Dodge: Dodged            |    25 |    52 |    59 |    16 ||   152
       Repelled          |       |     1 |       |       ||     1
Block: Other             |       |    10 |    22 |       ||    32
       Reflection        |       |     2 |       |       ||     2
       Kite shield       |       |       |     8 |    51 ||    59

Table legend: (Time is in decaauts)
 A = Elapsed time spent in this place.
 B = Non-inter-level travel time spent in this place.
 C = Inter-level travel time spent in this place.
 D = Time resting spent in this place.
 E = Time spent auto-exploring this place.
 F = Levels seen in this place.
 G = Mean time per level.
                   A        B        C        D        E       F      G
               +--------+--------+--------+--------+--------+-----+--------+
         Total |  11349 |  11022 |    327 |   1743 |   7243 |  10 | 1134.9 |
       Dungeon |   9878 |   9567 |    311 |   1316 |   6745 |   8 | 1234.8 |
        Temple |     32 |     16 |     16 |      0 |     11 |   1 |   32.0 |
        Bailey |   1437 |   1437 |      0 |    427 |    487 |   1 | 1437.0 |
               +--------+--------+--------+--------+--------+-----+--------+

Top non-repeatable levels by time:
     D:3: 1951 daAuts
     D:1: 1699 daAuts
     D:7: 1583 daAuts
  Bailey: 1437 daAuts
     D:5: 1372 daAuts
     D:4: 1288 daAuts
     D:2: 1109 daAuts
     D:6: 721 daAuts
     D:8: 152 daAuts
  Temple: 32 daAuts
